 Dungeon Crawl Stone Soup version 0.31-a0-232-gb1c03b2570 (webtiles) character file.

Game seed: 2688188512363221905

497 qw the Shooter (level 7, -1/43 HPs)
             Began as a Gargoyle Hexslinger on July 6, 2023.
             Slain by a killer bee (3 damage)
             ... on level 5 of the Dungeon.
             The game lasted 00:01:29 (3741 turns).

qw the Shooter (Gargoyle Hexslinger)                Turns: 3741, Time: 00:01:29

Health: -1/43      AC: 20    Str: 17    XL:     7   Next: 16%
Magic:  8/8        EV: 11    Int: 13    God:
Gold:   146        SH:  0    Dex: 14    Spells: 7/8 levels left

rFire   + . .        Y - +3 sling
rCold   + . .        (no shield)
rNeg    + . .        d - +0 ring mail
rPois   inf          m - +1 helmet
rElec   +            h - +1 cloak
rCorr   .            n - +0 pair of gloves
SInv    .            g - +0 pair of boots
Will    .....        (no amulet)
Stlth   +            e - +4 ring of protection
HPRegen 0.27/turn    c - ring of Curpha {rPois rF+ rC+ Will- Str+5}
MPRegen 0.11/turn

%: no passive effects
@: about to teleport
A: sickness immunity, AC +4, negative energy resistance 1, electricity
resistance, torment resistance 1, petrification resistance
a: no special abilities


You were on level 5 of the Dungeon.
You visited 1 branch of the dungeon, and saw 5 of its levels.

You collected 146 gold pieces.


Innate Abilities, Weirdness & Mutations

You are immune to sickness and miasma.
Your stone body is resilient. (AC +4)
You are immune to poison.
You resist negative energy. (rN+)
You are resistant to electric shocks. (rElec)
You are resistant to unholy torment.
You are immune to petrification.


   Skills:
 - Level 4.2 Fighting
 + Level 6.0 Ranged Weapons
 - Level 2.1 Armour
 - Level 1.5 Dodging
 - Level 1.0 Spellcasting
 - Level 2.6 Hexes


You had 7 spell levels left.
You knew the following spells:

 Your Spells              Type           Power      Damage    Failure   Level
a - Slow                  Hex            28%        N/A       17%         1

Your spell library contained the following spells:

 Spells                   Type           Power      Damage    Failure   Level
 Inner Flame              Hex/Fire       4%         N/A       65%         3
 Portal Projectile        Hex/Tloc       8%         N/A       65%         3
 Cause Fear               Hex            3%         N/A       86%         4

Inventory:

Hand Weapons
 Y - a +3 sling (weapon)
Armour
 d - a +0 ring mail (worn)
 g - a +0 pair of boots (worn)
 h - a +1 cloak (worn)
 m - a +1 helmet (worn)
 n - a +0 pair of gloves (worn)
Jewellery
 c - the ring of Curpha (right hand) {rPois rF+ rC+ Will- Str+5}
   (You found it on level 3 of the Dungeon)

   [ring of protection from fire]

   Str:       It affects your strength (+5).
   rF:        It protects you from fire.
   rC:        It protects you from cold.
   rPois:     It protects you from poison.
   Will:      It decreases your willpower.
 e - a +4 ring of protection (left hand)
 i - a +6 ring of strength
Scrolls
 o - a scroll of identify
Potions
 a - a potion of cancellation
 f - 2 potions of enlightenment
 l - a potion of mutation

Dungeon Overview and Level Annotations

Branches:
Dungeon (5/15)
 Temple: D:4-7

Altars:
Elyvilon
Gozag
Makhleb

Annotations:
D:4 1 runed translucent door, qw's ghost, novice MiHs


Message History

The killer bee stings you but does no damage.
Something completely misses you. The killer bee stings you.
The killer bee barely misses you.
The quokka twitches its whiskers.
Your Fighting skill increases to level 4!
You shoot a sling bullet. The sling bullet hits the killer bee!
The killer bee is heavily wounded.
The killer bee barely misses you. The killer bee completely misses you.
The killer bee barely misses you. x2; Something hits you but does no damage.
The quokka bites you but does no damage.
The killer bee barely misses you. The killer bee stings you.
Something hits you but does no damage.
You shoot a sling bullet.
The sling bullet closely misses the killer bee.
The killer bee barely misses you. The killer bee closely misses you.
The quokka bites you. The killer bee barely misses you.
The killer bee stings you but does no damage.
Something hits you but does no damage.
The quokka bites you but does no damage.
You shoot a sling bullet.
The sling bullet completely misses the killer bee.
The killer bee stings you but does no damage.
The killer bee closely misses you. The killer bee barely misses you.
The killer bee stings you but does no damage.
The quokka bites you but does no damage.
You hear some strange, mumbled words.
A magic dart appears from out of thin air!
The magic dart hits you but does no damage.
The killer bee stings you. x2
3740 ||| READING scroll of teleportation.
As you read the scroll of teleportation, it crumbles to dust.
You feel strangely unstable. The killer bee barely misses you.
The killer bee stings you but does no damage.
The quokka barely misses you. Something hits you.
The killer bee closely misses you. The killer bee stings you.
You shoot a sling bullet.
The sling bullet closely misses the killer bee.
The killer bee closely misses you. The killer bee stings you.
You die...

#. #.# ##.##
##.$.# #$...
#....
#.##.#)#####.#.
##....{yy.......
.......@r..(..##
#####.#.#####...
# #?# . ..# ....
#.## #. #.


You could see 2 killer bees and a quokka.

Vanquished Creatures
  A kobold brigand (D:3)
  A scorpion (D:4)
  A killer bee (D:5)
  A hound (D:4)
  An orc priest (D:4)
  An iguana (D:4)
  Terence (D:2)
  Jessica (D:2)
  An orc wizard (D:4)
  3 gnolls (D:3)
  6 adders
  A white imp (D:4)
  A worm (D:2)
  7 orcs
  A bat (D:2)
  6 endoplasms
  A giant cockroach (D:2)
  2 goblins
  5 hobgoblins
  2 jackals (D:3)
  5 kobolds
  3 quokkas
  5 ball pythons
  6 frilled lizards
  6 rats
69 creatures vanquished.

Notes
Turn   | Place    | Note
-------+----------+-------------------------------------------
     0 | D:1      | qw the Gargoyle Hexslinger began the quest for the Orb.
     0 | D:1      | Reached XP level 1. HP: 12/12 MP: 2/2
     0 | D:1      | 0 ||| qw: Version: 0.3-a-46-gb1f654a
     0 | D:1      | 0 ||| qw: Game counter: 2132
     0 | D:1      | 0 ||| qw: Melee chars always use a shield: true
     0 | D:1      | 0 ||| qw: God list: Okawaru
     0 | D:1      | 0 ||| qw: Allow faded altars: false
     0 | D:1      | 0 ||| qw: Do Orc after clearing Dungeon:15 true
     0 | D:1      | 0 ||| qw: Do second Lair branch before Depths: true
     0 | D:1      | 0 ||| qw: Lair rune preference: random
     0 | D:1      | 0 ||| qw: Goals: Normal
     0 | D:1      | 0 ||| PLANNING D:1-11
   286 | D:1      | Reached XP level 2. HP: 16/16 MP: 3/3
   607 | D:1      | 607 ||| UPGRADING to +0 ring mail.
   617 | D:1      | 617 ||| DROPPING +0 robe.
   618 | D:1      | 618 ||| UPGRADING to +4 ring of protection.
   619 | D:1      | 619 ||| DRINKING 2 clear potions.
   620 | D:1      | 620 ||| DROPPING scroll of poison.
   719 | D:2      | Reached skill level 3 in Ranged Weapons
   795 | D:2      | Noticed Jessica
   803 | D:2      | Killed Jessica
   804 | D:2      | Reached XP level 3. HP: 21/22 MP: 4/4
  1123 | D:2      | Reached XP level 4. HP: 27/27 MP: 5/5
  1182 | D:2      | Noticed Terence
  1201 | D:2      | HP: 5/27 [Terence/+0 hand axe (4)]
  1209 | D:2      | HP: 6/27 [Terence/+0 hand axe (1)]
  1211 | D:2      | Killed Terence
  1212 | D:2      | Reached skill level 4 in Ranged Weapons
  1530 | D:2      | Found a faded altar of an unknown god.
  1536 | D:2      | 1536 ||| UPGRADING to +0 pair of boots.
  1541 | D:2      | 1541 ||| UPGRADING to +1 cloak.
  1546 | D:2      | 1546 ||| READING scroll labelled KACUSU WIWEECW.
  1547 | D:2      | 1547 ||| READING scroll labelled XOKALECV LOIGA.
  1699 | D:3      | Identified the ring of Curpha {rPois rF+ rC+ Will- Str+5}
  1756 | D:3      | Reached skill level 1 in Armour
  1756 | D:3      | Reached XP level 5. HP: 32/32 MP: 6/6
  1816 | D:3      | 1816 ||| READING scroll of enchant weapon.
  1816 | D:3      | 1816 ||| ENCHANTING +2 sling.
  2194 | D:3      | Noticed a kobold brigand
  2200 | D:3      | Found an opulent altar of Gozag.
  2222 | D:3      | Killed a kobold brigand
  2223 | D:3      | Reached skill level 5 in Ranged Weapons
  2223 | D:3      | Reached XP level 6. HP: 19/36 MP: 7/7
  2489 | D:3      | 2489 ||| UPGRADING to ring of Curpha {rPois rF+ rC+ Will-
                  | Str+5}.
  2490 | D:3      | 2490 ||| READING scroll labelled IHIHEPP WUWOKK.
  2491 | D:3      | 2491 ||| READING scroll labelled ZALOUTZEAWU.
  2492 | D:3      | 2492 ||| READING scroll labelled MYXIEK ANASE.
  2493 | D:3      | 2493 ||| READING scroll labelled GOCZUMO VAITZ.
  2494 | D:3      | 2494 ||| READING scroll labelled LELOER MITOMP.
  2513 | D:4      | Reached skill level 3 in Fighting
  2671 | D:4      | Found a white marble altar of Elyvilon.
  3100 | D:4      | Found a burning altar of Makhleb.
  3114 | D:4      | Reached skill level 6 in Ranged Weapons
  3377 | D:4      | Found a runed translucent door.
  3380 | D:4      | Noticed qw's ghost (novice MiHs)
  3385 | D:4      | 3385 ||| UPGRADING to +1 helmet.
  3390 | D:4      | 3390 ||| UPGRADING to +0 pair of gloves.
  3395 | D:4      | 3395 ||| READING scroll labelled WUESAAS GASE.
  3396 | D:4      | 3396 ||| READING 2 scrolls labelled CAATTAJINU.
  3493 | D:4      | 3493 ||| READING 4 scrolls of identify.
  3493 | D:4      | 3493 ||| IDENTIFYING sapphire potion
  3494 | D:4      | 3494 ||| READING 3 scrolls of identify.
  3494 | D:4      | 3494 ||| IDENTIFYING bubbling red potion
  3495 | D:4      | 3495 ||| READING 2 scrolls of identify.
  3495 | D:4      | 3495 ||| IDENTIFYING ruby potion
  3530 | D:5      | Entered Level 5 of the Dungeon
  3539 | D:5      | 3539 ||| STAIRDANCE
  3556 | D:4      | Reached XP level 7. HP: 17/42 MP: 8/8
  3723 | D:5      | 3723 ||| DRINKING potion of curing.
  3723 | D:5      | 3723 ||| (to cure confusion)
  3739 | D:5      | HP: 8/43 [killer bee (4)]
  3740 | D:5      | 3740 ||| READING scroll of teleportation.
  3740 | D:5      | HP: 2/43 [killer bee (3)]
  3741 | D:5      | Slain by a killer bee

Levels and vault maps discovered:
D:1:      giann_horns, layout_loops_ring
D:2:      layout_loops_ring, shapermc_ecumenical_altar_hornbeckon, uniq_terence,
          uniq_jessica
D:3:      layout_basic, nicolae_gozag_seed_capital
D:4:      layout_loops_cross, makhleb_heckhound_becter,
          mainiacjoe_overflow_alcove_1, ebering_ghost_sewer_d,
          hangedman_abyss_or_decor_lesser_grid
D:5:      layout_loops_ring, kennysheep_little_box

Skill      XL: |  1  2  3  4  5  6  7 |
---------------+----------------------+-----
Ranged Weapons | 3 4 5 6 |  6.0
Fighting       | 2 3 4 |  4.2
Armour         | 1 2 |  2.1
Dodging        | |  1.5
Spellcasting   | |  1.0
Hexes          | |  2.6

Action                     |  1- 3 |  4- 6 |  7- 9 || total
---------------------------+-------+-------+-------++-------
   Fire: Sling             |    57 |   277 |    19 ||   353
    Use: Potion            |     1 |       |     1 ||     2
         Scroll            |       |    13 |     1 ||    14
 Armour: Ring mail         |    11 |   159 |    56 ||   226
  Dodge: Dodged            |    10 |   126 |    65 ||   201

Table legend:
 A = Non-vault XP
 B = Vault XP
 C = Vault XP percentage of total XP
 D = Non-vault monster count
 E = Vault monster count
 F = Vault count percentage of total count
                 A         B        C        D         E       F
            +---------+---------+-------+---------+---------+-------
      Total |     593 |     118 |  16.6 |      66 |       3 |   4.3
            +---------+---------+-------+---------+---------+-------
        D:1 |      18 |       0 |   0.0 |      12 |       0 |   0.0
        D:2 |      56 |      75 |  57.3 |      12 |       2 |  14.3
        D:3 |     198 |       0 |   0.0 |      23 |       0 |   0.0
        D:4 |     255 |      43 |  14.4 |      17 |       1 |   5.6
        D:5 |      66 |       0 |   0.0 |       2 |       0 |   0.0
            +---------+---------+-------+---------+---------+-------
